 Dungeon Crawl Stone Soup version 0.28.0-53-g5a82cb258f (webtiles) character file.

Game seed: 16063314095284005969

64310 Lutefisk the Spry (level 15, 0/117 HPs)
             Began as a Djinni Fire Elementalist on Aug 21, 2022.
             Was an Initiate of Gozag.
             Killed from afar by an ice dragon (81 damage)
             ... with a blast of cold
             ... on level 13 of the Dungeon.
             The game lasted 01:49:04 (10997 turns).

Lutefisk the Spry (Djinni Fire Elementalist)       Turns: 10997, Time: 01:49:04

Health: 0/117      AC: 12    Str:  7    XL:     15   Next: 53%
Gold:   2705       EV: 19    Int: 22    God:    Gozag SH:  0 Dex: 16

rFire   + + +      SeeInvis .   b - staff of fire
rCold   x . .      Faith    .   (no shield)
rNeg    + . .      Spirit   .   C - +0 troll leather armour
rPois   ∞          Reflect  .   E - +2 hat
rElec   .          Harm     .   z - +0 cloak
rCorr   .          Rampage  .   (no gloves)
Will    +....                   (boots unavailable)
Stlth   ++........              X - amulet of regeneration
HPRegen 1.89/turn               f - +4 ring of protection
MPRegen 0.00/turn               H - ring of positive energy

@: about to teleport, flying
A: sickness immunity, fire resistance 2, cold vulnerability 1, float, innate
caster, HP casting, extra vitality 1
a: Renounce Religion, Potion Petition, Call Merchant, Bribe Branch


You were on level 13 of the Dungeon.
You worshipped Gozag.
Gozag was most pleased with you.
You visited 3 branches of the dungeon, and saw 20 of its levels.
You also visited: Sewer, Gauntlet and Ice Cave.

You collected 3514 gold pieces.
You spent 387 gold pieces at shops.
You paid 422 gold pieces to Gozag.

Inventory:

Hand Weapons
 c - a +5 long sword
 v - a +3 trident
 R - a +2 rapier of venom
Missiles
 m - 4 curare-tipped darts (quivered)
Armour
 h - a +0 robe of positive energy
 q - a +3 ring mail of positive energy
 z - a +0 cloak (worn)
 C - a +0 troll leather armour (worn)
 E - a +2 hat (worn)
 N - the +0 helmet "Kericlur" {rF+ Dex+3 Stlth-}
   (You found it on level 11 of the Dungeon)

   Dex:       It affects your dexterity (+3).
   rF:        It protects you from fire.
   Stlth:     It makes you less stealthy.
Magical Staves
 b - a staff of fire (weapon)
Jewellery
 f - a +4 ring of protection (left hand)
 G - the amulet of Tem Pini {RegenMP rN+}
   (You found it on level 1 of the Lair of Beasts)

   [amulet of magic regeneration]

   It increases your rate of magic regeneration.
   rN:        It protects you from negative energy.
 H - a ring of positive energy (right hand)
 O - a ring of wizardry
 Q - a +6 ring of dexterity
 X - an amulet of regeneration (around neck)
Wands
 p - a wand of polymorph (21)
 y - a wand of digging (6)
 B - a wand of iceblast (4)
 F - a wand of flame (7)
 J - a wand of mindburst (6)
 L - a wand of acid (3)
 S - a wand of paralysis (3)
 W - a wand of charming (10)
Scrolls
 a - 6 scrolls of teleportation
 e - 2 scrolls of identify
 i - a scroll of silence
 j - 3 scrolls of fear
 r - 5 scrolls of immolation
 s - 2 scrolls of vulnerability
 t - 4 scrolls of fog
 u - 5 scrolls of enchant armour
 w - 2 scrolls of magic mapping
 x - a scroll of summoning
 A - a scroll of torment
 U - a scroll of brand weapon
Potions
 d - 6 potions of heal wounds
 g - 7 potions of haste
 l - 4 potions of resistance
 n - 8 potions of curing
 o - a potion of invisibility
 D - 3 potions of berserk rage
 I - 3 potions of lignification
 K - 4 potions of mutation
 M - a potion of brilliance
 T - a potion of ambrosia
 V - a potion of attraction
Miscellaneous
 k - a phantom mirror


   Skills:
 - Level 14.0 Fighting
 - Level 5.0 Armour
 - Level 15.0 Dodging
 - Level 4.0 Stealth
 * Level 12.4 Spellcasting
 - Level 6.0 Evocations


You couldn't memorise any spells.
You knew the following spells:

 Your Spells              Type           Power      Damage    Failure   Level
a - Foxfire               Conj/Fire      100%       2x1d9     1%          1
b - Scorch                Fire           100%       2d10      1%          2
c - Conjure Flame         Conj/Fire      80%        6-21      1%          3
d - Inner Flame           Hex/Fire       80%        N/A       1%          3
e - Flame Wave            Conj/Fire      80%        2d14      1%          4
f - Magic Dart            Conj           100%       1d8       1%          1
g - Blink                 Tloc           100%       N/A       1%          2
h - Tukima's Dance        Hex            62%        N/A       1%          3
i - Petrify               Tmut/Erth      62%        N/A       1%          4
j - Alistair's Intoxicat  Tmut/Pois      41%        N/A       1%          5
k - Summon Forest         Summ/Tloc      31%        N/A       1%          5
l - Simulacrum            Ice/Necr       31%        N/A       6%          6
Your spell library was empty.

Dungeon Overview and Level Annotations

Branches:
Dungeon (13/15)            Temple (1/1) D:5            Lair (6/6) D:10
  Swamp (0/4) Lair:4        Snake (0/4) Lair:2        Slime (0/5) Lair:6
  Sewer (visited)           IceCv (visited)         Gauntlet (visited)
    Orc: D:9-12      Vaults: D:13-14

Altars:
Ashenzari
Cheibriados
Dithmenos
Elyvilon
Fedhas
Gozag
Hepliaklqana
Kikubaaqudgha
Makhleb
Nemelex Xobeh
Okawaru
Qazlal
Ru
Trog
Uskayaw
Vehumet
Wu Jian
Xom
Yredelemnul
Zin
The Shining One
Jiyva

Shops:
D:4 ?   D:9 [   D:10 !*??:

Annotations:
D:4 Grinder
D:5 1 transporter, Flarelocke's ghost, novice DECj
D:11 Erolcha
Lair:3 Deed's ghost, journeyman MiFi
Lair:4 2 transporters, FrogKing's ghost, journeyman DjFE


Innate Abilities, Weirdness & Mutations

You are immune to sickness and miasma.
You are immune to poison.
Your flesh is very heat resistant. (rF++)
You are vulnerable to cold. (rC-)
You float through the air rather than walking.
You learn spells naturally, not from books.
Your magical power is your life essence.
You have superior vitality. (+4 MHP)


Message History

Unknown command.
Casting: Scorch (safe; 1% risk of failure)
Confirm with . or Enter, or press ? or * to list all spells.
You feel a surge of power!
Flames lash the wraith.
The wraith is heavily damaged.
The wraith's fire resistance burns away.
The wraith hits you. The wraith drains your vigour!
You feel yourself slow down.
Casting: Scorch (safe; 1% risk of failure)
Confirm with . or Enter, or press ? or * to list all spells.
You feel a surge of power!
Flames lash the wraith.
The wraith is burned terribly!
You destroy the wraith!
Unknown command.
You now have 2705 gold pieces (gained 7).
You feel yourself speed up.
There is a stone staircase leading down here.
An ice dragon is nearby!
Casting: Scorch (safe; 1% risk of failure)
Confirm with . or Enter, or press ? or * to list all spells.
Okay, then.
Casting: Scorch (safe; 1% risk of failure)
Confirm with . or Enter, or press ? or * to list all spells.
Okay, then.
Casting: Scorch (safe; 1% risk of failure)
Confirm with . or Enter, or press ? or * to list all spells.
Aiming: Petrify (safe; 1% risk of failure)
Press: ? - help, Shift-Dir - straight line, f - ice dragon
Aim: an ice dragon (wandering, hasn't noticed you, chance to affect: 60%)
The ice dragon roars deafeningly!
The ice dragon is moving more slowly.
The ice dragon breathes frost at you. The blast of cold hits you!!!
You feel a terrible chill!
As you read the scroll of teleportation, it crumbles to dust.
You feel strangely unstable. The ice dragon breathes frost at you.
The blast of cold hits you!!!!
You feel a terrible chill!
Ouch! That really hurt!
You die...
Your body crumbles into a pile of gold.

#............#
#............# $
#............# #
###.......#### ##
###....#### ###.
##..#.....#### ##...
##..###..D....####
###.... ##..##
##.........####
###...... ##..##
##.....@.....###.[.^....
#..##
##)).........>.........
..##
#..###...........).>..
.##
##..######............
## ##..## #............
# ##..## #............
##.<###...#........
##.......##.......
#.)#####..........


You could see an ice dragon (petrifying, catching breath).

Vanquished Creatures
  Snorg (D:13)
  A rakshasa (D:13)
  5 hydras
  2 boulder beetles
  Erica (Lair:1)
  A centaur warrior (D:13)
  A deep troll shaman (Lair:6)
  2 two-headed ogres
  9 death yaks
  Urug (D:11)
  Nergalle (D:11)
  Sonja (D:13)
  A skeletal warrior (D:11)
  A bog body (Lair:4)
  Pikel (D:9)
  3 deep elf pyromancers
  An ugly thing (D:12)
  2 manticores
  3 centaur zombies
  9 elephants (Lair:6)
  A cyclops (D:12)
  3 black mambas
  3 gargoyles
  2 ice statues (IceCv)
  11 cane toads
  6 rime drakes
  2 freezing wraiths
  9 komodo dragons
  A kobold demonologist (D:13)
  An anaconda simulacrum (IceCv)
  2 polar bears
  4 trolls
  3 meliai
  Prince Ribbit (D:6)
  6 blink frogs
  3 slime creatures (D:13)
  13 dream sheep
  A vampire (D:12)
  A hog (Lair:4)
  2 wyverns
  A yak (shapeshifter) (D:13)
  4 basilisks
  4 wraiths
  Grum (Lair:1)
  37 yaks
  2 humans (D:10)
  A death yak simulacrum (IceCv)
  Eustachio (D:6)
  6 vampire mosquitoes
  Menkaure (D:6)
  2 acid dragons
  18 water moccasins
  3 black bears
  3 sky beasts
  A necrophage (D:7)
  2 ice beasts (D:7)
  29 wolves
  2 ogres
  12 centaurs
  4 lemures (D:9)
  2 kobold brigands (Sewer)
  12 bullfrogs
  3 scorpions
  A wyvern zombie (D:7)
  A cane toad simulacrum (Lair:3)
  A water moccasin skeleton (D:5)
  4 killer bees (D:10)
  5 wights (D:8)
  2 howler monkeys
  2 hounds
  A bullfrog zombie (D:5)
  2 water moccasin simulacra (Lair:3)
  An orc priest (D:7)
  3 jellies (Lair:6)
  Jessica (D:2)
  6 orc wizards
  Ijyb (D:4)
  A scorpion zombie (D:5)
  2 iguanas
  A polar bear simulacrum (IceCv)
  2 killer bee zombies
  A wolf simulacrum (IceCv)
  A howler monkey zombie (D:9)
  8 adders
  2 river rats (Sewer)
  An ufetubus (D:5)
  6 dart slugs
  23 orcs
  5 ball pythons
  3 endoplasms
  2 giant cockroaches
  4 goblins
  4 hobgoblins
  2 jackals (Sewer)
  A quokka (D:2)
  7 bats
  4 frilled lizards
  11 kobolds
  4 rats
  3 bushes (Lair:6)
  2 butterflies (Lair:2)
  A snaplasher vine (Lair:4)
405 creatures vanquished.

Vanquished Creatures (collateral kills)
  Kirke (Lair:4)
  A catoblepas (Lair:6)
  A two-headed ogre (D:12)
  4 death yaks (Lair:4)
  An ice statue (IceCv)
  An entropy weaver simulacrum (IceCv)
  2 blink frogs (Lair:4)
  2 dream sheep (Lair:6)
  4 hogs (Lair:4)
  A wyvern (Lair:4)
  A basilisk (Lair:4)
  A water moccasin (Lair:4)
  3 cane toad simulacra
  Crazy Yiuf (D:6)
  2 foxfires
26 creatures vanquished.

Vanquished Creatures (others)
  An ugly thing (IceCv)
  A dream sheep (Lair:4)
  A human (Lair:4)
  3 dancing weapons
  14 demonic plants (Gauntlet)
  1131 foxfires
  43 fungi
  66 plants
  4 snaplasher vines
  14 withered plants (Gauntlet)
1278 creatures vanquished.

Grand Total: 1709 creatures vanquished

Notes
Turn   | Place    | Note
-------+----------+-------------------------------------------
     0 | D:1      | Lutefisk the Djinni Fire Elementalist began the quest for
                  | the Orb.
     0 | D:1      | Reached XP level 1. HP: 15/15 MP: 0/0
    33 | D:1      | Reached skill level 1 in Fighting
    97 | D:1      | Reached XP level 2. HP: 16/22 MP: 0/0
   367 | D:2      | Noticed Jessica
   371 | D:2      | Killed Jessica
   372 | D:2      | Reached XP level 3. HP: 26/30 MP: 0/0
   372 | D:2      | Learned a level 1 spell: Magic Dart
   455 | D:2      | Reached XP level 4. HP: 28/35 MP: 0/0
   846 | D:3      | Noticed a scorpion
   858 | D:3      | Killed a scorpion
   859 | D:3      | Reached XP level 5. HP: 9/42 MP: 0/0
   859 | D:3      | Learned a level 2 spell: Blink
   928 | D:3      | Reached skill level 5 in Fighting
   932 | D:3      | Reached XP level 6. HP: 18/49 MP: 0/0
  1136 | D:3      | Found a faded altar of an unknown god.
  1177 | D:3      | Found a glowing drain.
  1182 | Sewer    | Entered a sewer
  1239 | Sewer    | Reached XP level 7. HP: 17/56 MP: 0/0
  1239 | Sewer    | Learned a level 3 spell: Tukima's Dance
  1481 | Sewer    | Found a white marble altar of Elyvilon.
  1775 | D:4      | Noticed Ijyb
  1783 | D:4      | Killed Ijyb
  1836 | D:4      | Reached skill level 3 in Dodging
  1957 | D:4      | Found Goplac's Magic Scroll Boutique.
  1971 | D:4      | Bought a scroll of identify for 20 gold pieces
  1971 | D:4      | Bought a scroll of teleportation for 30 gold pieces
  1971 | D:4      | Bought a scroll of teleportation for 30 gold pieces
  1971 | D:4      | Bought a scroll of fog for 20 gold pieces
  1971 | D:4      | Bought a scroll of magic mapping for 35 gold pieces
  2053 | D:4      | Noticed Grinder
  2133 | D:5      | Entered Level 5 of the Dungeon
  2181 | D:5      | Noticed a troll
  2213 | D:5      | Reached XP level 8. HP: 45/64 MP: 0/0
  2229 | D:5      | You are sucked into a shaft and drop 3 floors!
  2361 | D:8      | Found a sparkling altar of Nemelex Xobeh.
  2428 | D:6      | Noticed Eustachio
  2435 | D:6      | Killed Eustachio
  2436 | D:6      | Reached skill level 4 in Dodging
  2490 | D:6      | Found a runed translucent door.
  2491 | D:6      | Noticed Crazy Yiuf
  2505 | D:6      | Killed Crazy Yiuf
  2591 | D:6      | Reached skill level 5 in Dodging
  2609 | D:5      | Found a staircase to the Ecumenical Temple.
  2623 | Temple   | Entered the Ecumenical Temple
  2740 | D:5      | Killed a troll
  2741 | D:5      | Reached XP level 9. HP: 62/70 MP: 0/0
  2741 | D:5      | Learned a level 4 spell: Petrify
  2823 | D:5      | Found a hide-covered altar of Uskayaw.
  2875 | D:5      | Found a transporter.
  2882 | D:5      | Noticed Flarelocke's ghost (novice DECj)
  2955 | D:6      | Noticed Menkaure
  2961 | D:6      | Killed Menkaure
  3072 | D:6      | Noticed Prince Ribbit
  3078 | D:6      | Killed Prince Ribbit
  3079 | D:6      | Reached skill level 5 in Spellcasting
  3079 | D:6      | Reached skill level 6 in Dodging
  3113 | D:7      | Found a stormy altar of Qazlal.
  3352 | D:7      | Reached XP level 10. HP: 71/78 MP: 0/0
  3421 | D:7      | Reached skill level 7 in Dodging
  3532 | D:8      | Found a broken altar of Ashenzari.
  3564 | D:8      | Noticed a deep elf pyromancer
  3581 | D:8      | Killed a deep elf pyromancer
  3582 | D:8      | Reached skill level 8 in Dodging
  3612 | D:8      | Reached skill level 9 in Dodging
  3834 | D:9      | Found Iluecvey's Armour Shoppe.
  3850 | D:9      | Found a burning altar of Makhleb.
  3856 | D:9      | Found a shimmering altar of Xom.
  3858 | D:9      | Found a shimmering altar of Xom.
  3862 | D:9      | Found a shimmering altar of Xom.
  3877 | D:9      | Noticed Pikel
  3932 | D:9      | Killed Pikel
  3951 | D:9      | Found a shimmering altar of Xom.
  3951 | D:9      | Found a shimmering altar of Xom.
  4073 | D:9      | Found a shimmering altar of Xom.
  4075 | D:9      | Found a shimmering altar of Xom.
  4075 | D:9      | Found a shimmering altar of Xom.
  4142 | D:10     | Entered Level 10 of the Dungeon
  4143 | D:10     | Found Magip's Distillery.
  4162 | D:10     | Found Boprabb's Magic Scroll Shoppe.
  4164 | D:10     | Bought a potion of heal wounds for 60 gold pieces
  4164 | D:10     | Bought a potion of mutation for 96 gold pieces
  4164 | D:10     | Bought a potion of mutation for 96 gold pieces
  4207 | D:10     | Reached skill level 10 in Dodging
  4207 | D:10     | Reached XP level 11. HP: 69/84 MP: 0/0
  4207 | D:10     | Learned a level 5 spell: Alistair's Intoxication
  4286 | D:10     | Noticed a manticore
  4380 | D:10     | Reached skill level 1 in Evocations
  4434 | D:10     | Found Zokkunoc's Demolitions Depot.
  4458 | D:10     | Found an opulent altar of Gozag.
  4475 | D:10     | Found an ornate altar of the Wu Jian Council.
  4496 | D:10     | Found Waimaminn's Magic Scroll Boutique.
  4515 | D:10     | Found Siash's Book Emporium.
  4538 | D:10     | Killed a manticore
  4583 | D:10     | Found a white marble altar of Elyvilon.
  4647 | D:10     | Found a staircase to the Lair.
  4688 | D:10     | Found an iron altar of Okawaru.
  4792 | D:11     | Noticed Urug
  4794 | D:11     | Reached skill level 10 in Fighting
  4796 | D:11     | Noticed Nergalle
  4952 | D:11     | Identified the +0 helmet "Kericlur" {rF+ Dex+3 Stlth-}
  5009 | D:11     | Noticed Erolcha
  5105 | D:12     | Noticed a deep elf pyromancer
  5105 | D:12     | Noticed a two-headed ogre
  5105 | D:12     | Found a gate leading to a gauntlet.
  5132 | D:11     | Killed a two-headed ogre
  5133 | D:11     | Reached skill level 11 in Dodging
  5176 | D:12     | Reached XP level 12. HP: 66/91 MP: 0/0
  5183 | Gauntlet | Entered a Gauntlet
  5183 | Gauntlet | Found a transporter.
  5183 | Gauntlet | Found a transporter.
  5183 | Gauntlet | Found a transporter.
  5187 | Gauntlet | Found a transporter.
  5198 | Gauntlet | Found a transporter.
  5200 | Gauntlet | Found a transporter.
  5204 | Gauntlet | Found a transporter.
  5208 | Gauntlet | Found the ring of the Mage {Wiz Archmagi}
  5212 | Gauntlet | Found a transporter.
  5220 | Gauntlet | Found a transporter.
  5237 | Gauntlet | Found a transporter.
  5244 | Gauntlet | Noticed a sixfirhy
  5245 | Gauntlet | Found a transporter.
  5262 | Gauntlet | Found a transporter.
  5287 | Gauntlet | Noticed a cacodemon
  5341 | D:12     | Noticed a five-headed hydra
  5354 | D:12     | Killed a five-headed hydra
  5534 | D:11     | Killed Urug
  5550 | D:11     | Noticed a skeletal warrior
  5551 | D:11     | Noticed a skeletal warrior
  5552 | D:11     | Noticed a death knight
  5721 | D:12     | Noticed a two-headed ogre
  5749 | D:12     | Killed a two-headed ogre
  5971 | D:12     | Noticed a two-headed ogre
  5984 | D:12     | Killed a two-headed ogre
  6050 | D:12     | Noticed a boulder beetle
  6087 | D:12     | Killed a boulder beetle
  6418 | D:11     | Killed Nergalle
  6419 | D:11     | Reached skill level 5 in Armour
  6763 | D:10     | Became a worshipper of Gozag Ym Sagoz the Greedy
  6815 | Lair:1   | Entered Level 1 of the Lair of Beasts
  6827 | Lair:1   | Noticed Erica
  6856 | Lair:1   | Killed Erica
  6996 | Lair:1   | Reached skill level 12 in Dodging
  7003 | Lair:1   | Reached XP level 13. HP: 74/99 MP: 0/0
  7003 | Lair:1   | Learned a level 5 spell: Summon Forest
  7203 | Lair:1   | Reached skill level 10 in Spellcasting
  7250 | Lair:1   | Identified the amulet of Tem Pini {RegenMP rN+}
  7265 | Lair:1   | Noticed a seven-headed hydra
  7266 | Lair:1   | Noticed Grum
  7280 | Lair:1   | Killed a seven-headed hydra
  7282 | Lair:1   | Killed Grum
  7284 | Lair:1   | Reached skill level 5 in Evocations
  7457 | Lair:2   | Found a frozen archway.
  7467 | IceCv    | Entered an ice cave
  8255 | Lair:2   | Reached skill level 13 in Dodging
  8294 | Lair:2   | Noticed a five-headed hydra
  8355 | Lair:2   | Found a staircase to the Snake Pit.
  8623 | Lair:3   | Found a runed translucent gate.
  8623 | Lair:3   | Found a runed translucent gate.
  8623 | Lair:3   | Found a runed translucent gate.
  8652 | Lair:3   | Noticed Deed's ghost (journeyman MiFi)
  8656 | Lair:3   | Noticed an ice dragon
  8704 | Lair:4   | Noticed Kirke
  8709 | Lair:4   | Reached XP level 14. HP: 51/107 MP: 0/0
  8715 | Lair:4   | Killed Kirke
  8808 | Lair:4   | Noticed FrogKing's ghost (journeyman DjFE)
  8811 | Lair:4   | Found a bloodstained altar of Trog.
  8826 | Lair:4   | Found a transporter.
  8828 | Lair:4   | Found a transporter.
  9061 | Lair:4   | Reached skill level 14 in Dodging
  9259 | Lair:5   | Identified the +5 flail of an ice cave {holy, rPois Int+4}
  9347 | Lair:6   | Entered Level 6 of the Lair of Beasts
  9578 | Lair:6   | Reached XP level 15. HP: 30/115 MP: 0/0
  9578 | Lair:6   | Learned a level 6 spell: Simulacrum
  9829 | Lair:6   | Found a runed translucent door.
  9831 | Lair:6   | Found a viscous altar of Jiyva.
  9833 | Lair:6   | Found a staircase to the Slime Pits.
 10092 | Lair:4   | Found a staircase to the Swamp.
 10545 | D:13     | Noticed Sonja
 10549 | D:13     | Killed Sonja
 10579 | D:13     | Reached skill level 15 in Dodging
 10738 | D:13     | Noticed Snorg
 10782 | D:13     | Killed Snorg
 10997 | D:13     | Killed from afar by an ice dragon

Illustrated notes

Levels and vault maps discovered:
D:1:      moated_graveyard_arrival, layout_basic, minmay_stone_trees_small
D:2:      cheibrodos_pilgrimage, layout_loops_cross, uniq_jessica
D:3:      cheibrodos_helix_gallery, layout_basic,
          nzn_overflow_gifts_of_might_and_magic, portal_sewer_entry_e,
          ebering_ecumenical_altar_rust
D:4:      layout_cave_pods, serial_shops, shop, uniq_ijyb, uniq_grinder
D:5:      layout_cave_pools, nicolae_uskayaw_murder_on_the_dancefloor,
          minmay_temple_entry_junction_2, gammafunk_ghost_stat_death,
          corexii_item_surrounded_by_moat
D:6:      layout_rooms, mainiacjoe_overflow_alcove_4, hangedman_decor_points,
          uniq_prince_ribbit1, uniq_eustachio, uniq_crazy_yiuf_cottage,
          uniq_menkaure
D:7:      layout_rooms, nicolae_qazlal_scattered_showers
D:8:      layout_basic, overflow_temple_1_default, nicolae_ashenzari_panopticon
D:9:      layout_cave_pools, kennysheep_little_box, xom_redecorated,
          serial_shops, shop_statue, ebering_dispersal_statue_hall, uniq_pikel
D:10:     layout_loops_ring, mainiacjoe_overflow_24_doors, grunt_gozag_statues,
          nicolae_wu_jian_immortal_techniques, okawaru_humans,
          due_lair_maze_entry_diamond, serial_shops, nicolae_diamond_shop,
          kennysheep_mini, shop, shop, nicolae_blasting_shop
D:11:     layout_loops_ring, orc_0_dummy, uniq_urug, uniq_nergalle, uniq_erolcha
D:12:     layout_long_grid, gauntlet_entry_generic, grunt_ministairs_6
D:13:     layout_cave_pods, david_vaults_4, ebering_ghost_disaster_area,
          uniq_sonja, uniq_snorg
Temple:   nicolae_temple_figure_zero
Lair:1:   layout_regular_city, serial_forest, infiniplex_forest_clump_small,
          infiniplex_forest_lined_2, infiniplex_forest_end_2,
          infiniplex_forest_zigzag_1, infiniplex_forest_lined_3,
          infiniplex_forest_clump_cross, grunt_megastairs_4, uniq_erica,
          uniq_grum
Lair:2:   layout_loops_ring, guppyfry_snake_entry_island,
          portal_ice_cave_entry_pillars_1, lemuel_fruit_fields
Lair:3:   layout_layer_cave, serial_rivers, chequers_serial_rivers_room_a,
          chequers_serial_rivers_small_3, chequers_serial_rivers_micro_a,
          chequers_serial_rivers_micro_e, gammafunk_ghost_icy
Lair:4:   layout_hall_layers, skrybe_swamp_entry_bodies,
          gammafunk_ghost_wrathful_warriors, serial_bayou_pond_c,
          grunt_megastairs_2, uniq_kirke
Lair:5:   layout_regular_city
Lair:6:   grunt_lair_end_beastmaster, layout_gridlike, slime_altar_2,
          infiniplex_staircase_pool

Skill      XL: |  1  2  3  4  5  6  7  8  9 10 11 12 13 14 15 |
---------------+----------------------------------------------+-----
Fighting       | 1 3 4 5 6 7 8 9 10 11 12 13 14 | 14.0
Stealth        | 2 3 4 |  4.0
Spellcasting   | 3 4 6 7 8 9 10 12 | 12.4
Dodging        | 3 5 6 10 11 12 13 14 15 | 15.0
Armour         | 2 4 5 |  5.0
Evocations     | 3 4 6 |  6.0

Action                   |  1- 3 |  4- 6 |  7- 9 | 10-12 | 13-15 || total
-------------------------+-------+-------+-------+-------+-------++-------
Melee: Staff             |     7 |    12 |    11 |     4 |    13 ||    47
       Unarmed           |       |       |       |    10 |       ||    10
Throw: Dart              |       |       |       |     1 |       ||     1
 Cast: Foxfire           |    25 |    55 |   108 |   110 |   349 ||   647
       Scorch            |       |     7 |    56 |   165 |   275 ||   503
       Conjure Flame     |       |     2 |     1 |     2 |    13 ||    18
       Magic Dart        |       |     1 |       |       |       ||     1
       Tukima's Dance    |       |       |     1 |    11 |     4 ||    16
       Blink             |       |       |     1 |     5 |     4 ||    10
       Flame Wave        |       |       |       |    31 |    74 ||   105
       Petrify           |       |       |       |    14 |     2 ||    16
       Inner Flame       |       |       |       |     1 |     2 ||     3
       Alistair's Intoxi |       |       |       |     1 |     1 ||     2
       Summon Forest     |       |       |       |       |    10 ||    10
Invok: Potion Petition   |       |       |       |       |     1 ||     1
Evoke: Wand              |       |       |       |     1 |     6 ||     7
  Use: Scroll            |       |       |     3 |    11 |    13 ||    27
       Potion            |       |       |       |       |     1 ||     1
 Stab: Petrified         |       |       |       |    10 |       ||    10
Armor: Robe              |     1 |     5 |     3 |       |       ||     9
       Troll leather arm |       |       |    11 |    84 |    88 ||   183
Dodge: Dodged            |     5 |    22 |    23 |   188 |   270 ||   508
